 Dungeon Crawl Stone Soup version 0.26.0-11-g8f856b5395 (webtiles) character file.

Game seed: 310278298410906174

199 BOMJPIETVODKU the Firebug (level 5, -2/41 HPs)
             Began as a Draconian Fire Elementalist on Jan 15, 2021.
             Slain by Duvessa
             ... wielding a +0 rapier
              (4 damage)
             ... on level 3 of the Dungeon.
             The game lasted 00:15:31 (3518 turns).

BOMJPIETVODKU the Firebug (DrFE)                    Turns: 3518, Time: 00:15:31

Health: -2/41      AC:  6    Str: 11    XL:     5   Next: 48%
Magic:  9/9        EV: 12    Int: 16    God:
Gold:   280        SH:  0    Dex: 11    Spells: 9/10 levels left

rFire    + . .     SeeInvis .   b - +1 dagger
rCold    . . .     Faith    .   (no shield)
rNeg     . . .     Spirit   .   (armour unavailable)
rPois    .         Reflect  .   (helmet restricted)
rElec    .         Harm     .   (no cloak)
rCorr    .         Rampage  .   (no gloves)
Will     .....                  f - +0 pair of boots
Stlth    ++........             (no amulet)
HPRegen  0.13/turn              g - ring of protection from fire
MPRegen  0.11/turn              (no ring)

@: no status effects
A: unfitting armour, cold-blooded, AC +5
a: no special abilities


You were on level 3 of the Dungeon.
You visited 1 branch of the dungeon, and saw 4 of its levels.
You also visited: Sewer.

You collected 280 gold pieces.

Inventory:

Hand Weapons
 b - a +1 dagger (weapon)
Armour
 f - a +0 pair of boots (worn)
Jewellery
 g - a ring of protection from fire (left hand)
Scrolls
 a - a scroll of amnesia {unknown}
 c - 3 scrolls of remove curse
 d - 4 scrolls of identify
 e - a scroll of teleportation
 p - a scroll of magic mapping {unknown}
Potions
 h - a potion of haste
 i - a potion of mutation {unknown}
 j - a potion of heal wounds
 k - 3 potions of brilliance {unknown}
 l - a potion of invisibility {unknown}
 m - a potion of might {unknown}
 n - a potion of attraction {unknown}
 o - 2 potions of curing {unknown}


   Skills:
 * Level 2.0 Fighting
 - Level 0.2 Short Blades
 + Level 2.4 Dodging
 - Level 2.2 Stealth
 + Level 3.0 Spellcasting
 + Level 2.2 Conjurations
 + Level 4.1 Fire Magic


You had 9 spell levels left.
You knew the following spells:

 Your Spells              Type           Power        Failure   Level
a - Foxfire               Conj/Fire      48%          4%          1

Your spell library contained the following spells:

 Spells                   Type           Power        Failure   Level
 Conjure Flame            Conj/Fire      12%          16%         3
 Inner Flame              Hex/Fire       9%           24%         3
 Sticky Flame             Conj/Fire      12%          45%         4
 Confusing Touch          Hex            2%           50%         3
 Gell's Gravitas          Tloc           1%           50%         3
 Fireball                 Conj/Fire      6%           80%         5
 Petrify                  Tmut/Erth      2%           88%         4
 Metabolic Englaciation   Hex/Ice        1%           99%         5
 Yara's Violent Unravell  Hex/Tmut       1%           99%         5


Dungeon Overview and Level Annotations

Branches:
Dungeon (4/15)              Sewer (visited)
 Temple: D:4-7

Altars:

Annotations:
D:3 Dowan, Duvessa


Innate Abilities, Weirdness & Mutations

Your plain brown scales are hard. (AC +5)
You cannot fit into any form of body armour.
You are cold-blooded and may be slowed by cold attacks.


Message History

You hit Duvessa.
Duvessa is moderately wounded.
Duvessa barely misses you. Dowan misses you.
You hit Duvessa but do no damage.
Duvessa is moderately wounded.
Duvessa closely misses you. Dowan hits you with a +0 dagger.
You hit Duvessa but do no damage.
Your tail-slap misses Duvessa.
Duvessa is moderately wounded.
Duvessa hits you with a +0 rapier! x2
* * * LOW HITPOINT WARNING * * *
Dowan hits you with a +0 dagger.
* * * LOW HITPOINT WARNING * * *
You barely miss Duvessa.
Duvessa is lightly wounded.
Duvessa hits you with a +0 rapier.
* * * LOW HITPOINT WARNING * * *
Dowan hits you with a +0 dagger.
* * * LOW HITPOINT WARNING * * *
Magic restored.
Duvessa hits you with a +0 rapier.
You die...

#>............#≈≈≈≈#............
#..#.##.#####.#≈≈≈≈#.#.####...#.
#..#.##e####..##≈≈##...# #...#.
##..#.##..[.....#≈≈#....# #...#.
#...#(#........##''##...####...#.
#.#.#.#.#####..#≈≈.≈#............
#.#.#.#.# #..######..........[.
#.#)....# #..ee.....#.####.....
#.#.....# #..#@##.###.####.....
#.##....#####.##.##.# #..........
#.###.#.......##.##.# #.####.##..
#.# #.####..####.##.# #..# #.##.#
#.###.# #...#...##.# ##.# #.##.#
#.##..# #.#.#...##.# #.# #.##.#
#.##.## #...#...##.# #.# #.##..
#.##.# ###.##.###.# #.# #.####
#.##.## #.##.# #.####.###.####


You could see Duvessa (fast) and Dowan.

Vanquished Creatures
  Purgy (Sewer)
  3 adders
  An ooze (D:2)
  2 dart slugs
  4 leopard geckos
  4 orcs
  4 giant cockroaches
  7 goblins
  9 hobgoblins
  4 jackals
  A quokka (D:2)
  8 bats
  4 frilled lizards
  6 kobolds
  3 rats
61 creatures vanquished.

Vanquished Creatures (others)
  135 foxfires
135 creatures vanquished.

Grand Total: 196 creatures vanquished

Notes
Turn   | Place    | Note
-------+----------+-------------------------------------------
     0 | D:1      | BOMJPIETVODKU the Draconian Fire Elementalist began the
                  | quest for the Orb.
     0 | D:1      | Reached XP level 1. HP: 14/14 MP: 3/3
   211 | D:1      | Reached XP level 2. HP: 20/20 MP: 0/5
   887 | D:1      | Reached XP level 3. HP: 20/26 MP: 4/6
  1960 | D:2      | You fall into a shaft and drop 1 floor!
  2130 | D:3      | Reached skill level 1 in Fighting
  2130 | D:3      | Reached XP level 4. HP: 35/35 MP: 4/7
  2188 | D:3      | Found a glowing drain.
  2212 | Sewer    | Entered a sewer
  2257 | Sewer    | Noticed Purgy
  2306 | Sewer    | Killed Purgy
  2307 | Sewer    | Reached skill level 4 in Fire Magic
  2307 | Sewer    | Reached XP level 5. HP: 9/41 MP: 1/9
  3279 | D:4      | Noticed Dowan
  3283 | D:4      | Noticed Duvessa
  3517 | D:3      | HP: 2/41 [Dowan/+0 dagger (4)]
  3518 | D:3      | Slain by Duvessa

Illustrated notes

Levels and vault maps discovered:
D:1:      lightli_arrival_statuegarden, layout_basic, minmay_tetromino_t4
D:2:      layout_basic
D:3:      layout_loops_ring, gup_sewer_entry_bowl, eino_tiny_chamber,
          glass_columns_c
D:4:      layout_loops_cross, serial_shops, nicolae_shop_stone,
          kennysheep_decorative_pillar, uniq_duvessa, uniq_grinder

Skill      XL: |  1  2  3  4  5 |
---------------+----------------+-----
Stealth        | 2 |  2.2
Dodging        | 2 |  2.4
Fighting       | 1 2 |  2.0
Conjurations   | 2 |  2.2
Fire Magic     | 4 |  4.1
Spellcasting   | 3 |  3.0
Short Blades   | |  0.2

Action                   |  1- 3 |  4- 6 || total
-------------------------+-------+-------++-------
Melee: Unarmed           |     8 |       ||     8
       Tailslap          |     4 |     4 ||     8
       Dagger            |    41 |    45 ||    86
 Cast: Foxfire           |    46 |    44 ||    90
  Use: Scroll            |     5 |       ||     5
       Potion            |       |     3 ||     3
 Stab: Sleeping          |     2 |       ||     2
Armor: Skin              |    22 |    38 ||    60
Dodge: Dodged            |    45 |    59 ||   104
